 Dungeon Crawl Stone Soup version 0.27.0-1-g7a089689b8 (webtiles) character file.

Game seed: 4885528875794276268

3 lnt the Sneak (level 1, -6/16 HPs)
             Began as an Octopode Delver on Aug 2, 2021.
             Mangled by a river rat (10 damage)
             ... on level 3 of the Dungeon.
             The game lasted 00:01:15 (314 turns).

lnt the Sneak (Octopode Delver)                      Turns: 314, Time: 00:01:16

Health: -6/16      AC:  1    Str: 11    XL:     1   Next: 50%
Magic:  1/1        EV: 13    Int: 12    God:
Gold:   0          SH:  0    Dex: 13    Spells: 0/0 levels left

rFire    . . .     SeeInvis .   a - +0 spear
rCold    . . .     Faith    .   (no shield)
rNeg     . . .     Spirit   .   (helmet restricted)
rPois    .         Reflect  .   (no amulet)
rElec    .         Harm     .   i - +4 ring of slaying
rCorr    .         Rampage  .   (no ring)
Will     .....                  (no ring)
Stlth    +++++.....             (no ring)
HPRegen  0.05/turn              (no ring)
MPRegen  0.07/turn              (no ring)
                                (no ring)
                                (no ring)

@: no status effects
A: almost no armour, amphibious, 8 rings, camouflage 1, gelatinous body 1,
nimble swimmer 1, tentacles
a: no special abilities


You were on level 3 of the Dungeon.
You visited 1 branch of the dungeon, and saw 3 of its levels.

Inventory:

Hand Weapons
 a - a +0 spear (weapon)
Missiles
 h - 24 stones (quivered)
Jewellery
 i - a +4 ring of slaying (left tentacle)
Wands
 f - a wand of digging (3)
Scrolls
 b - a scroll of fog
 c - a scroll of magic mapping
 d - a scroll of fear
 g - a scroll of noise {unknown}
Potions
 e - a potion of haste


   Skills:
 + Level 3.0 Fighting
 - Level 2.0 Polearms
 + Level 2.1 Dodging
 + Level 6.7 Stealth


You couldn't memorise any spells.
You didn't know any spells.
Your spell library was empty.

Dungeon Overview and Level Annotations

Branches:
Dungeon (5/15)
 Temple: D:4-7

Altars:


Innate Abilities, Weirdness & Mutations

You cannot wear most types of armour.
You are amphibious.
You can wear up to eight rings at the same time.
Your skin changes colour to match your surroundings (Stealth+).
Your rubbery body absorbs attacks. (AC +1, EV +1)
You are camouflaged near water. (Stealth+)
You have tentacles for arms and can constrict up to eight enemies at once.


Message History

Throw: 25 stones
Press: ? - help, Q - select action Shift-Dir - straight line, f - goblin
Aim: a goblin, wielding a +0 club (asleep, 98% to hit)
You throw a stone. The stone hits the goblin.
You kill the goblin!
A giant cockroach comes into view.
Things that are here:
a +0 club; a goblin corpse Throw: 24 stones
Press: ? - help, Q - select action Shift-Dir - straight line, f - giant cockroach
Aim: a giant cockroach (asleep, 98% to hit)
You throw a stone. The stone hits the giant cockroach.
The giant cockroach is moderately wounded.
You hear a splash.
You closely miss the giant cockroach. Your grab misses the giant cockroach.
You hit the giant cockroach but do no damage.
You grab the giant cockroach. You constrict the giant cockroach.
The giant cockroach misses you. The giant cockroach closely misses you.
You hit the giant cockroach.
You kill the giant cockroach!
A river rat comes into view.
You see here a stone.
h - 24 stones (gained 1)
The river rat bites you!
Ouch! That really hurt!
You hit the river rat but do no damage. Your grab misses the river rat.
The river rat bites you.
* * * LOW HITPOINT WARNING * * *
You barely miss the river rat. You grab the river rat.
You constrict the river rat, but do no damage.
The river rat closely misses you.
You hit the river rat.
The river rat is heavily wounded.
You constrict the river rat. The river rat misses you.
You hit the river rat.
The river rat is almost dead.
You constrict the river rat, but do no damage.
The river rat bites you!
Ouch! That really hurt!
You die...

### #.. #.# #.#
#.# #!# ## ####
#.#
##≈≈####≈≈###)#
#≈≈≈r@≈≈≈≈≈...#
##≈≈####≈≈##..#
#≈ ######.# #
###.# #..>#
#.### ##


You could see a river rat.

Vanquished Creatures
  A giant cockroach (D:3)
  A goblin (D:3)
  A kobold (D:4)
3 creatures vanquished.

Notes
Turn   | Place    | Note
-------+----------+-------------------------------------------
     0 | D:5      | lnt the Octopode Delver began the quest for the Orb.
     0 | D:5      | Reached XP level 1. HP: 16/16 MP: 1/1
    59 | D:5      | Noticed an iguana
   314 | D:3      | Mangled by a river rat

Illustrated notes

Levels and vault maps discovered:
D:3:      layout_loops_ring, serial_shops, shop, nicolae_shop_stone, shop,
          shop_statue, shop, gup_sewer_entry_bubbles
D:4:      layout_basic, mainiacjoe_overflow_alcove_2
D:5:      layout_loops_cross, tso_oasis_becter

Action                   || total
-------------------------++-------
Melee: Spear             ||     9
       Constrict         ||     3
Throw: Stone             ||     2
Dodge: Dodged            ||    14
